 Dungeon Crawl Stone Soup version 0.25-a0-302-g9f75867 (webtiles) character file.

Game seed: 4971804435966208694, levelgen mode: deterministic

5025 Spazmo the Thaumaturge (level 10, 0/49 (50) HPs)
             Began as a Deep Elf Fire Elementalist on Dec 20, 2019.
             Hit by a large rock thrown by a cyclops (4 damage)
             ... on level 8 of the Dungeon.
             The game lasted 00:32:30 (6975 turns).

Spazmo the Thaumaturge (Deep Elf Fire Elementalist) Turns: 6975, Time: 00:32:30

HP:   0/49 (50)     AC:  3    Str:  5    XL:     10   Next: 30%
MP:   20/27         EV: 13    Int: 24    God:
Gold: 461           SH:  0    Dex: 15    Spells: 19/32 levels left

rFire    + . .     SeeInvis .   u - +2 quarterstaff (chaos)
rCold    + . .     Gourm    .   (shield currently unavailable)
rNeg     + . .     Faith    .   a - +1 robe
rPois    .         Spirit   .   (no helmet)
rElec    .         Reflect  .   C - scarf {rC+ rF+}
rCorr    .         Harm     .   (no gloves)
MR       +....                  (no boots)
Stlth    ++........             f - amulet of magic regeneration
HPRegen  0.00/turn              t - ring of positive energy
MPRegen  0.45/turn              (no ring)

@: non-regenerating, diseased
A: no striking features
a: no special abilities


You were on level 8 of the Dungeon.
You were not hungry.

You visited 2 branches of the dungeon, and saw 9 of its levels.

You collected 461 gold pieces.

Inventory:

Hand Weapons
 e - a +3 dagger of draining
 u - a +2 quarterstaff of chaos (weapon)
Missiles
 b - 360 stones (quivered)
Armour
 a - a +1 robe (worn)
 v - a +2 cloak
 C - a scarf of resistance (worn)
Jewellery
 f - an amulet of magic regeneration (around neck)
 t - a ring of positive energy (left hand)
Wands
 l - a wand of iceblast (13)
 r - a wand of digging (4)
Scrolls
 g - 3 scrolls of magic mapping
 k - 2 scrolls of amnesia
 o - 8 scrolls of identify
 p - 3 scrolls of enchant armour
 y - 2 scrolls of remove curse
 z - a scroll of teleportation
Potions
 d - 2 potions of curing
 h - 3 potions of agility {unknown}
 i - 2 potions of cancellation
 j - 4 potions of flight
 m - a potion of mutation {unknown}
 n - 3 potions of heal wounds
 q - a potion of haste {unknown}
 s - a potion of magic
 w - a potion of might {unknown}
 x - a potion of invisibility {unknown}
 A - a potion of brilliance {unknown}
Comestibles
 c - 20 rations
 B - a chunk of flesh


   Skills:
 - Level 2.4 Dodging
 - Level 2.4 Stealth
 + Level 11.6 Spellcasting
 + Level 9.7 Conjurations
 + Level 10.2 Fire Magic


You had 19 spell levels left.
You knew the following spells:

 Your Spells              Type           Power        Failure   Level  Hunger
a - Foxfire               Conj/Fire      ####         1%          1    None
b - Conjure Flame         Conj/Fire      ######..     1%          3    None
c - Sticky Flame          Conj/Fire      ######..     1%          4    None
d - Fireball              Conj/Fire      ######....   1%          5    ####...

Your spell library contained the following spells:

 Spells                   Type           Power        Failure   Level  Hunger
 Inner Flame              Hex/Fire       #####...     1%          3    None


Dungeon Overview and Level Annotations

Branches:
Dungeon (8/15)             Temple (1/1) D:7            Lair (0/6) D:8

Altars:
Ashenzari
Cheibriados
Dithmenos
Elyvilon
Fedhas
Gozag
Hepliaklqana
Kikubaaqudgha
Makhleb
Okawaru
Ru
Sif Muna
Trog
Uskayaw
Wu Jian
Xom
Yredelemnul
Zin
The Shining One

Shops:
D:8 (


Message History

The sticky flame hits the cyclops!
The cyclops is moderately wounded.
The cyclops is covered in liquid flames!
The cyclops burns!
The cyclops burns!
The cyclops throws a large rock.
The large rock closely misses you.
The cyclops burns!
The cyclops burns!
The cyclops burns!
The cyclops throws a large rock.
The large rock hits you!!
* * * LOW HITPOINT WARNING * * *
You see here a large rock.
Casting: Sticky Flame (safe; 1% risk of failure)
Confirm with . or Enter, or press ? or * to list all spells.
Aiming: Fireball (safe; 1% risk of failure)
Press: ? - help, Shift-Dir - straight line, f/p - cyclops
Aim: a cyclops, quivering 3 large rocks (heavily wounded, covered in liquid flames)
The fireball explodes!
The fireball engulfs the cyclops!!
The cyclops is almost dead.
The cyclops burns!
The cyclops throws a large rock.
The large rock hits you.
You die...

..###.#.## #.# ##..#.#.#
####.#.#.# #.n ####.#.#
#.#ยง#.#.## ###[ #.#.#
.#.#.#.#.# n# #.#.#
#.#.#.#.## } #...#
####.#.#.# ## ####...#
..###.#.## ###..#...#
..((####.# ###(##.#...#
......###.. #@...C.#.#.#
#...#...##..##.######.#)#.#
......#..###C.........#.#.#
#.#.>.##..####.######.#.#.#
#.#.#.###....###......#.#.#
....#..........###.##.#.#.#
##..#.#####......###..#.#.#
....#.#
######...###'.#.#######
##.##.# ###...............


You could see a cyclops (burning).

Vanquished Creatures
  A two-headed ogre (D:8)
  Pikel (D:5)
  A gargoyle (D:8)
  A yaktaur (shapeshifter) (D:8)
  A troll (D:8)
  A hornet (D:8)
  A yak (D:8)
  A water moccasin (D:7)
  A slave (D:5)
  4 orc warriors
  A necrophage (D:8)
  A phantom (D:8)
  An ice beast (D:8)
  2 ogres
  2 centaurs
  A big kobold (D:8)
  4 bullfrogs
  4 jellies
  6 wights
  4 crimson imps
  A howler monkey (D:8)
  A quasit (D:7)
  3 orc priests
  Crazy Yiuf (D:4)
  2 hounds
  3 orc wizards
  3 iguanas
  Ijyb (D:3)
  12 worker ants
  A howler monkey zombie (D:5)
  5 gnolls
  A howler monkey skeleton (D:8)
  3 adders
  An adder skeleton (D:7)
  3 worms
  2 dart slugs
  5 leopard geckos
  28 orcs
  4 bats
  6 giant cockroaches
  3 goblins
  6 hobgoblins
  6 jackals
  A quokka (D:3)
  A ball python (D:3)
  4 frilled lizards
  A jackal skeleton (D:6)
  19 kobolds
  A quokka skeleton (D:8)
  6 rats
173 creatures vanquished.

Vanquished Creatures (others)
  463 foxfires
463 creatures vanquished.

Grand Total: 636 creatures vanquished

Notes
Turn   | Place    | Note
-------+----------+-------------------------------------------
     0 | D:1      | Spazmo the Deep Elf Fire Elementalist began the quest for
                  | the Orb.
     0 | D:1      | Reached XP level 1. HP: 10/10 MP: 6/6
   230 | D:1      | Reached XP level 2. HP: 15/15 MP: 4/8
   769 | D:1      | Reached XP level 3. HP: 18/19 MP: 7/10
   775 | D:1      | Learned a level 3 spell: Conjure Flame
  1249 | D:2      | Found a glowing golden altar of the Shining One.
  1325 | D:2      | Reached skill level 4 in Spellcasting
  2395 | D:3      | Noticed Ijyb
  2419 | D:3      | Killed Ijyb
  2419 | D:3      | Reached XP level 4. HP: 20/24 MP: 7/12
  2974 | D:4      | Reached XP level 5. HP: 24/28 MP: 12/14
  3056 | D:4      | Noticed an ogre
  3063 | D:4      | Killed an ogre
  3063 | D:4      | Reached skill level 5 in Spellcasting
  3139 | D:4      | Found a runed translucent door.
  3140 | D:4      | Noticed Crazy Yiuf
  3174 | D:4      | Killed Crazy Yiuf
  3174 | D:4      | Reached skill level 5 in Fire Magic
  3375 | D:4      | Reached XP level 6. HP: 31/32 MP: 14/16
  3661 | D:5      | Entered Level 5 of the Dungeon
  3712 | D:5      | Found a burning altar of Makhleb.
  3889 | D:5      | Reached skill level 6 in Spellcasting
  4035 | D:5      | Noticed a slave
  4037 | D:5      | Noticed Pikel
  4042 | D:5      | Killed a slave
  4047 | D:5      | Noticed a slave
  4051 | D:5      | Noticed a slave
  4051 | D:5      | Noticed a slave
  4060 | D:5      | Killed Pikel
  4060 | D:5      | Reached skill level 7 in Spellcasting
  4060 | D:5      | Reached skill level 5 in Conjurations
  4060 | D:5      | Reached XP level 7. HP: 23/36 MP: 13/19
  4164 | D:5      | Reached XP level 8. HP: 12/41 MP: 17/21
  4671 | D:6      | Reached skill level 8 in Spellcasting
  4937 | D:6      | Learned a level 4 spell: Sticky Flame
  4943 | D:6      | Learned a level 5 spell: Fireball
  5414 | D:7      | Reached skill level 9 in Spellcasting
  5496 | D:7      | Reached XP level 9. HP: 37/45 MP: 16/24
  5506 | D:7      | Found a staircase to the Ecumenical Temple.
  5557 | Temple   | Entered the Ecumenical Temple
  5711 | D:7      | Found a snail-covered altar of Cheibriados.
  6231 | D:8      | Noticed a gargoyle
  6242 | D:8      | Killed a gargoyle
  6242 | D:8      | Reached skill level 10 in Spellcasting
  6381 | D:8      | Found a staircase to the Lair.
  6598 | D:8      | Noticed a two-headed ogre
  6629 | D:8      | Killed a two-headed ogre
  6629 | D:8      | Reached skill level 11 in Spellcasting
  6629 | D:8      | Reached XP level 10. HP: 18/50 MP: 13/27
  6684 | D:8      | Found Ladghos's Weapon Emporium.
  6872 | D:8      | Reached skill level 10 in Fire Magic
  6951 | D:8      | Noticed a cyclops
  6975 | D:8      | Hit by a large rock thrown by a cyclops

Levels and vault maps discovered:
D:1:      onia_arrival_mini_spirals, layout_basic
D:2:      kennysheep_six_static_rooms, layout_basic, lemuel_doored_altar
D:3:      layout_basic, first_ration, uniq_ijyb
D:4:      layout_loops_ring, uniq_crazy_yiuf_cottage
D:5:      layout_gridville, makhleb_heckhound_becter, uniq_pikel
D:6:      layout_rooms, kennysheep_generic_room_8
D:7:      layout_loops_ring, nicolae_overflow_hidden_temple,
          minmay_temple_entry_sparse_star, grunt_ogre_cave
D:8:      minmay_the_grid_triangle_9x9_recursive_2
          [minmay_the_grid_triangle_9x9_prize_center,
          minmay_the_grid_triangle_9x9_from_above,
          minmay_the_grid_triangle_9x9_semitri,
          minmay_the_grid_triangle_9x9_checkered], layout_basic,
          lemuel_coloured_pillars_altar, nicolae_qazlal_general_emergency,
          nemelex_altar_shiori, dpeg_oklobed_lair, serial_shops, shop,
          kennysheep_small_circle
Temple:   compressed_dpeg_circular_temple

Skill      XL: |  1  2  3  4  5  6  7  8  9 10 |
---------------+-------------------------------+-----
Conjurations   | 2 3 5 7 9 |  9.7
Spellcasting   | 4 5 7 9 11 | 11.6
Fire Magic     | 4 5 6 8 9 10 | 10.2
Dodging        | |  2.4
Stealth        | |  2.4

Action                   |  1- 3 |  4- 6 |  7- 9 | 10-12 || total
-------------------------+-------+-------+-------+-------++-------
Melee: Dagger            |    46 |    13 |       |       ||    59
       Quarterstaff      |       |    10 |    45 |     7 ||    62
Throw: Stone             |     1 |       |       |       ||     1
 Cast: Foxfire           |    59 |    78 |   143 |     4 ||   284
       Sticky Flame      |       |       |    14 |     6 ||    20
       Fireball          |       |       |     3 |     8 ||    11
       Conjure Flame     |       |       |     1 |       ||     1
Evoke: Wand              |       |       |     2 |     2 ||     4
  Use: Scroll            |     7 |     1 |     1 |       ||     9
       Potion            |     2 |     5 |       |       ||     7
 Stab: Sleeping          |     3 |       |       |       ||     3
       Petrified         |       |       |     2 |       ||     2
       Distracted        |       |       |     1 |       ||     1
       Confused          |       |       |     1 |       ||     1
       Paralysed         |       |       |     1 |       ||     1
  Eat: Chunk             |     2 |     4 |     6 |     2 ||    14
       Ration            |     1 |       |     1 |       ||     2
Armor: Robe              |    16 |     4 |    26 |     3 ||    49
Dodge: Dodged            |    54 |    36 |    47 |    10 ||   147

Table legend:
 A = Non-vault XP
 B = Vault XP
 C = Vault XP percentage of total XP
 D = Non-vault monster count
 E = Vault monster count
 F = Vault count percentage of total count
                 A         B        C        D         E       F
            +---------+---------+-------+---------+---------+-------
      Total |    4337 |    2842 |  39.6 |     143 |      29 |  16.9
            +---------+---------+-------+---------+---------+-------
        D:1 |      45 |       0 |   0.0 |      27 |       0 |   0.0
        D:2 |      19 |      22 |  53.7 |       8 |       6 |  42.9
        D:3 |      35 |      36 |  50.7 |      15 |       1 |   6.2
        D:4 |     191 |      42 |  18.0 |      10 |       1 |   9.1
        D:5 |     652 |     669 |  50.6 |      21 |       2 |   8.7
        D:6 |     535 |       3 |   0.6 |      23 |       1 |   4.2
        D:7 |     991 |     113 |  10.2 |      20 |       1 |   4.8
        D:8 |    1869 |    1957 |  51.2 |      19 |      17 |  47.2
            +---------+---------+-------+---------+---------+-------
